 Dungeon Crawl Stone Soup version 0.24.0-37-gcf1ca852f1 (webtiles) character file.

Game seed: 8090023648776541939, levelgen mode: deterministic

69918 Mesmaeker13 the Destroyer (level 14, 0/93 HPs)
             Began as a Green Draconian Venom Mage on Nov 22, 2019.
             Was a High Priest of Sif Muna.
             Killed from afar by a fire giant (68 damage)
             ... with a fireball
             ... on level 12 of the Dungeon on Nov 24, 2019.
             The game lasted 01:24:15 (34830 turns).

Mesmaeker13 the Destroyer (DrVM)                   Turns: 34830, Time: 01:24:15

Health: 0/93       AC: 14    Str: 11    XL:     14   Next: 92%
Magic:  26/26      EV: 17    Int: 21    God:    Sif Muna [*****.]
Gold:   1172       SH:  9    Dex: 11    Spells: 10/29 levels left

rFire    . . .     SeeInvis .   y - +2 scimitar (flame)
rCold    . . .     Gourm    .   L - +0 shield
rNeg     . . .     Faith    .   (armour unavailable)
rPois    +         Spirit   .   m - +2 hat
rElec    .         Reflect  .   v - scarf {repulsion}
rCorr    .         Harm     .   c - +0 pair of gloves
MR       +....                  (no boots)
Stlth    ++........             B - amulet of magic regeneration
HPRegen  0.25/turn              i - +3 ring of slaying
MPRegen  0.45/turn              J - +3 ring of protection

@: repel missiles
A: breathe noxious fumes, unfitting armour, stinger 1, poison resistance,
cold-blooded, AC +8
a: Breathe Noxious Fumes, Channel Magic, Forget Spell, Divine Exegesis, Renounce
Religion


You were on level 12 of the Dungeon.
You worshipped Sif Muna.
Sif Muna was extremely pleased with you.
You were not hungry.

You visited 3 branches of the dungeon, and saw 19 of its levels.

You collected 1522 gold pieces.
You spent 350 gold pieces at shops.

Inventory:

Hand Weapons
 k - a +1 spear of venom
 y - a +2 scimitar of flaming (weapon)
Missiles
 F - 10 curare-tipped darts (quivered)
Armour
 c - a +0 pair of gloves (worn)
 m - a +2 hat (worn)
 v - a scarf of repulsion (worn)
 L - a +0 shield (worn)
Magical Staves
 x - an uncursed staff of poison
 I - an uncursed staff of cold
Jewellery
 g - an uncursed ring of ice
 i - a +3 ring of slaying (left hand)
 p - a +3 amulet of reflection
 B - an amulet of magic regeneration (around neck)
 J - a +3 ring of protection (right hand)
Scrolls
 a - a scroll of amnesia
 f - a scroll of vulnerability {unknown}
 h - 10 scrolls of remove curse
 l - a scroll of magic mapping
 s - a scroll of blinking
 A - 3 scrolls of teleportation
 H - a scroll of fear
 K - a scroll of torment
Potions
 d - a potion of mutation {unknown}
 e - 2 potions of cancellation
 j - 3 potions of agility
 n - 4 potions of magic
 o - 5 potions of haste
 r - 5 potions of brilliance
 t - a potion of might {unknown}
 u - a potion of heal wounds
 w - 4 potions of flight
 z - 2 potions of curing
 E - a potion of degeneration {unknown}
 M - 2 potions of berserk rage {unknown}
Comestibles
 b - 15 rations
 q - 25 chunks of flesh


   Skills:
 - Level 12.3 Dodging
 - Level 1.7 Stealth
 + Level 6.4 Shields
 + Level 8.1 Spellcasting
 - Level 12.3 Conjurations
 - Level 7.0 Transmutations
 - Level 12.2 Fire Magic
 - Level 4.2 Air Magic
 - Level 9.1 Poison Magic
 + Level 4.1 Invocations


You had 10 spell levels left.
You knew the following spells:

 Your Spells              Type           Power        Failure   Level  Hunger
a - Ignite Poison         Fire/Tmut/Pois #####...     1%          3    None
c - Mephitic Cloud        Conj/Pois/Air  #####...     1%          3    None
d - Olgreb's Toxic Radia  Pois           #####...     5%          4    ###....
e - Sticky Flame          Conj/Fire      ######..     1%          4    ###....
f - Fireball              Conj/Fire      ######....   4%          5    #####..

Your spell library contained the following spells:

 Spells                   Type           Power        Failure   Level  Hunger
 Flame Tongue             Conj/Fire      #####        1%          1    None
 Magic Dart               Conj           ####         1%          1    None
 Sting                    Conj/Pois      ####         1%          1    None
 Searing Ray              Conj           ######       1%          2    None
 Throw Flame              Conj/Fire      ######       1%          2    None
 Conjure Flame            Conj/Fire      ######..     1%          3    None
 Iskenderun's Mystic Bla  Conj           ######..     1%          4    ###....
 Poisonous Vapours        Pois/Air       #####.       2%          2    None
 Static Discharge         Conj/Air       #####...     2%          3    None
 Dazzling Spray           Conj/Hex       ####..       5%          3    None
 Stone Arrow              Conj/Erth      ####..       5%          3    None
 Inner Flame              Hex/Fire       ####....     6%          3    None
 Venom Bolt               Conj/Pois      ######....   8%          5    #####..
 Passwall                 Tmut/Erth      ###.....     9%          2    None
 Force Lance              Conj/Tloc      ####....     19%         4    ###....
 Fulminant Prism          Conj/Hex       ####......   19%         4    ###....
 Bolt of Magma            Conj/Fire/Erth #####.....   22%         5    #####..
 Lightning Bolt           Conj/Air       #####.....   22%         5    #####..
 Animate Skeleton         Necr           N/A          24%         1    None
 Apportation              Tloc           #.....       24%         1    None
 Confusing Touch          Hex            #.....       24%         1    None
 Corona                   Hex            #......      24%         1    None
 Summon Small Mammal      Summ           #...         24%         1    None
 Alistair's Intoxication  Tmut/Pois      #####...     24%         5    #####..
 Blink                    Tloc           N/A          34%         2    None
 Call Imp                 Summ           #.......     34%         2    None
 Slow                     Hex            #.......     34%         2    None
 Poison Arrow             Conj/Pois      ######....   41%         6    ######.
 Petrify                  Tmut/Erth      ###.....     50%         4    ###....
 Confuse                  Hex            #.......     56%         3    None
 Gell's Gravitas          Tloc           #.........   56%         3    None
 Lesser Beckoning         Tloc           #.........   56%         3    None
 Portal Projectile        Hex/Tloc       #.....       56%         3    None
 Regeneration             Chrm/Necr      #.........   56%         3    None
 Yara's Violent Unravell  Hex/Tmut       ###.......   83%         5    #####..
 Cause Fear               Hex            #.........   93%         4    ###....
 Leda's Liquefaction      Hex/Erth       #.........   93%         4    ###....
 Iron Shot                Conj/Erth      ####......   96%         6    ######.
 Freezing Cloud           Conj/Ice/Air   ####......   98%         6    ######.
 Metabolic Englaciation   Hex/Ice        #.........   100%        5    #####..
 Lehudib's Crystal Spear  Conj/Erth      ####......   100%        8    #######


Dungeon Overview and Level Annotations

Branches:
Dungeon (12/15)            Temple (1/1) D:4            Lair (6/6) D:10
 Shoals (0/4) Lair:4        Snake (0/4) Lair:2        Slime (0/5) Lair:6
    Orc (0/2) D:11

Altars:
Ashenzari
Cheibriados
Dithmenos
Elyvilon
Fedhas
Gozag
Hepliaklqana
Kikubaaqudgha
Makhleb
Nemelex Xobeh
Okawaru
Qazlal
Ru
Sif Muna
Trog
Uskayaw
Vehumet
Wu Jian
Xom
Yredelemnul
Zin
The Shining One
Beogh

Shops:
D:7 (:(

Annotations:
Lair:2 1 exclusion
Lair:6 1 exclusion


Innate Abilities, Weirdness & Mutations

You can breathe blasts of noxious fumes.
Your lurid green scales are hard. (AC +8)
You cannot fit into any form of body armour.
Your tail ends in a poisonous barb.
Your system is resistant to poisons. (rPois)
You are cold-blooded and may be slowed by cold attacks.


Message History

The fire giant shouts!
The deep troll earth mage shouts!
You hear a roar!
A worker ant comes into view.
The fire giant moves out of view.
You hear a grinding noise.
Things that are here:
3 large rocks; a cyclops skeleton You hear a grinding noise.
You see here a yak skeleton.
The deep troll earth mage points at the rock wall and mumbles some strange words.
Some rock shatters into small pieces.
You see here an arrow.
Some rock shatters into small pieces.
You hear a roar!
You hear a grinding noise.
You hear a grinding noise.
You hear a grinding noise.
The fire giant gestures at you while chanting.
The fireball explodes!
The fireball engulfs you!!!
Ouch! That really hurt!
You die...

#####.##..........#...........)##
###..............##...#.##...###
#....###.........##.....##.).# #
#.....##.........>..#...##...###
#.....##.......................<
##....##........###.###.........
#...............##.###.........
#.....#.###....................
#....##.##....@.####...#......[
#....##........## ###.........
#....##.......## ##...#....
#....#..C#....# .........
########.##.### #.#.#..... #...#
..#.#..... ##T## #### .##....
##..(##.... ... #.........# ...


You could see a fire giant and a deep troll earth mage.

Vanquished Creatures
  Gastronok (Lair:1)
  3 dire elephants (Lair:6)
  Fannar (D:10)
  An ice dragon (Lair:2)
  4 hydras
  A catoblepas (Lair:6)
  Erica (D:10)
  4 death yaks (Lair:4)
  An anaconda (Lair:6)
  4 two-headed ogres
  Sonja (Lair:2)
  3 unseen horrors
  4 oklob plants
  A cyclops (D:12)
  2 merfolk sirens (Lair:4)
  28 elephants
  2 black mambas
  Psyche (D:10)
  12 spiny frogs
  An eye of devastation (Lair:6)
  A torpor snail (Lair:4)
  2 rime drakes (Lair:2)
  5 komodo dragons
  3 polar bears
  2 trolls (D:11)
  A hornet (D:10)
  Grinder (D:6)
  15 blink frogs
  11 hippogriffs
  2 shadows
  63 yaks
  2 wyverns
  A hungry ghost (D:7)
  7 basilisks
  A human (D:11)
  Eustachio (D:6)
  Grum (Lair:1)
  A steam dragon (D:8)
  Menkaure (D:6)
  4 vampire mosquitoes (D:12)
  Edmund (D:4)
  2 wargs
  2 nagas (Lair:2)
  20 water moccasins
  An acid dragon (D:11)
  12 porcupines
  4 sky beasts
  An eye of draining (Lair:6)
  8 orc warriors
  3 black bears
  6 ogres
  A phantom (D:7)
  4 boggarts (Lair:6)
  43 wolves
  22 centaurs
  10 crocodiles
  3 big kobolds
  A wyvern zombie (D:11)
  24 bullfrogs
  A wyvern skeleton (D:7)
  3 scorpions
  8 killer bees
  3 electric eels
  4 howler monkeys
  4 wights (D:8)
  A vampire bat (Lair:6)
  5 crimson imps
  3 centaur zombies
  A quasit (D:9)
  A jelly (D:7)
  6 orc priests
  A gnoll shaman (D:5)
  2 hounds
  2 bullfrog skeletons
  2 centaur skeletons
  Ijyb (D:5)
  Terence (D:2)
  2 iguanas
  14 orc wizards
  8 worker ants
  A hound zombie (D:7)
  3 hound skeletons
  14 adders
  6 gnolls
  A howler monkey skeleton (D:5)
  A shadow imp (D:8)
  An ooze (D:2)
  3 adder zombies
  3 adder skeletons
  3 leopard geckos
  72 orcs
  7 giant cockroaches
  5 hobgoblins
  8 jackals
  17 kobolds
  6 quokkas
  A ball python (D:2)
  14 bats
  5 frilled lizards
  10 goblins
  A leopard gecko skeleton (D:7)
  7 rats
  5 bushes (Lair:2)
  A fungus (Lair:6)
  10 plants
647 creatures vanquished.

Vanquished Creatures (collateral kills)
  An adder (D:8)
  A shadow imp (D:8)
  An orc (D:8)
3 creatures vanquished.

Vanquished Creatures (others)
  A yak (Lair:6)
  A gnoll (D:10)
  15 fungi
  17 plants
34 creatures vanquished.

Grand Total: 684 creatures vanquished

Notes
Turn   | Place    | Note
-------+----------+-------------------------------------------
     0 | D:1      | Mesmaeker13 the Draconian Venom Mage began the quest for
                  | the Orb.
     0 | D:1      | Reached XP level 1. HP: 14/14 MP: 3/3
   816 | D:1      | Reached XP level 2. HP: 20/20 MP: 3/5
  1248 | D:2      | Learned a level 2 spell: Poisonous Vapours
  1472 | D:2      | Reached XP level 3. HP: 26/26 MP: 3/6
  1591 | D:2      | Found an iron altar of Okawaru.
  2377 | D:2      | Found a white marble altar of Elyvilon.
  2464 | D:2      | Reached XP level 4. HP: 31/33 MP: 3/7
  2481 | D:2      | Noticed Terence
  2517 | D:2      | Killed Terence
  2678 | D:2      | Learned a level 3 spell: Mephitic Cloud
  3334 | D:3      | Reached XP level 5. HP: 37/38 MP: 9/9
  3605 | D:4      | Found an iron altar of Okawaru.
  3605 | D:4      | Found a hide-covered altar of Uskayaw.
  3639 | D:4      | Noticed an ogre
  3658 | D:4      | Killed an ogre
  4113 | D:4      | Found a staircase to the Ecumenical Temple.
  4215 | D:4      | Noticed Edmund
  4254 | Temple   | Entered the Ecumenical Temple
  4258 | Temple   | Became a worshipper of Sif Muna the Loreminder
  4479 | D:4      | Killed Edmund
  4479 | D:4      | Reached XP level 6. HP: 38/45 MP: 2/11
  4647 | D:4      | Found a hazy altar of Hepliaklqana.
  4801 | D:5      | Entered Level 5 of the Dungeon
  4804 | D:5      | Noticed Ijyb
  4814 | D:5      | Killed Ijyb
  4828 | D:5      | Your scales start taking on a lurid green colour.
  4828 | D:5      | Reached skill level 5 in Poison Magic
  4828 | D:5      | Reached XP level 7. HP: 32/50 MP: 2/12
  4828 | D:5      | Gained mutation: Your system is resistant to poisons.
                  | (rPois) [Green Draconian growth]
  4843 | D:5      | Reached * piety under Sif Muna
  5207 | D:5      | Found a radiant altar of Vehumet.
  5257 | D:5      | Reached skill level 1 in Air Magic
  6008 | D:6      | Noticed Menkaure
  6014 | D:6      | Noticed Grinder
  6067 | D:6      | Learned a level 4 spell: Olgreb's Toxic Radiance
  6149 | D:6      | Reached XP level 8. HP: 57/57 MP: 10/14
  6397 | D:6      | Noticed Eustachio
  6403 | D:6      | Killed Eustachio
  6403 | D:6      | Reached skill level 5 in Conjurations
  6894 | D:6      | Paralysed by Grinder for 7 turns
  6903 | D:6      | Killed Grinder
  6903 | D:6      | Reached skill level 5 in Dodging
  7035 | D:6      | Killed Menkaure
  7825 | D:7      | Found Rolof's Book Emporium.
  7846 | D:7      | Reached XP level 9. HP: 52/62 MP: 8/15
  8143 | D:7      | Found a stormy altar of Qazlal.
  8176 | D:7      | Found a blossoming altar of Fedhas.
  8810 | D:8      | Reached ** piety under Sif Muna
  9185 | D:7      | Bought a book of Flames for 350 gold pieces
  9190 | D:7      | Learned a level 4 spell: Sticky Flame
  9244 | D:7      | Reached skill level 5 in Spellcasting
  9536 | D:7      | Killed an unseen horror
  9536 | D:7      | Reached skill level 1 in Fire Magic
  9578 | D:7      | Found a basalt altar of Yredelemnul.
  9578 | D:7      | Found a basalt altar of Yredelemnul.
 10052 | D:7      | Reached XP level 10. HP: 69/69 MP: 15/18
 10437 | D:8      | Found an opulent altar of Gozag.
 10534 | D:8      | Noticed a two-headed ogre
 10591 | D:8      | Killed a two-headed ogre
 10827 | D:8      | Found a snail-covered altar of Cheibriados.
 10827 | D:8      | Found an ornate altar of the Wu Jian Council.
 10832 | D:8      | Found a faded altar of an unknown god.
 10834 | D:8      | Found a faded altar of an unknown god.
 10939 | D:8      | Found a bloodstained altar of Trog.
 11259 | D:9      | Noticed a two-headed ogre
 11277 | D:9      | Killed a two-headed ogre
 11502 | D:9      | Reached *** piety under Sif Muna
 11729 | D:9      | Found a roughly hewn altar of Beogh.
 11911 | D:9      | Noticed a white ugly thing
 11983 | D:9      | HP: 1/69 [white ugly thing (26)]
 12360 | D:7      | Found Ippolysulo's Antique Weapon Boutique.
 12693 | D:7      | Found Dask's Antique Weapon Shop.
 12716 | D:7      | Found a stormy altar of Qazlal.
 13081 | D:8      | Killed an unseen horror
 13081 | D:8      | Reached skill level 5 in Fire Magic
 13779 | D:8      | Reached **** piety under Sif Muna
 14042 | D:9      | Learned a level 5 spell: Fireball
 14064 | D:9      | Reached XP level 11. HP: 74/74 MP: 15/20
 14294 | D:10     | Entered Level 10 of the Dungeon
 14666 | D:10     | Found a shadowy altar of Dithmenos.
 14683 | D:10     | Noticed Psyche
 14691 | D:10     | Killed Psyche
 14953 | D:10     | Noticed Fannar
 14966 | D:10     | Killed Fannar
 15338 | D:10     | Killed an unseen horror
 15484 | D:10     | Found a staircase to the Lair.
 15698 | D:10     | Noticed Erica
 15713 | D:10     | Killed Erica
 16138 | Lair:1   | Entered Level 1 of the Lair of Beasts
 16138 | Lair:1   | Noticed Grum
 16724 | D:10     | HP: 2/74 [komodo dragon (25)]
 17131 | Lair:1   | Killed Grum
 17135 | Lair:1   | Reached XP level 12. HP: 53/81 MP: 9/21
 17177 | Lair:1   | Reached skill level 10 in Dodging
 17585 | Lair:1   | Reached skill level 10 in Conjurations
 17743 | Lair:1   | Noticed Gastronok
 17789 | Lair:1   | Killed Gastronok
 18085 | Lair:1   | Reached ***** piety under Sif Muna
 18152 | Lair:1   | Identified Sif Muna's Catalogue of Might (Sif Muna gifted
                  | it to you on level 1 of the Lair of Beasts)
 18152 | Lair:1   | Received a gift from Sif Muna
 18791 | Lair:1   | Noticed a five-headed hydra
 18805 | Lair:1   | Killed a five-headed hydra
 19141 | Lair:2   | Found a staircase to the Snake Pit.
 20054 | Lair:2   | Noticed an ice dragon
 20499 | Lair:2   | Reached skill level 10 in Fire Magic
 20608 | Lair:2   | Noticed Sonja
 20666 | Lair:2   | Killed Sonja
 20773 | Lair:2   | Noticed a five-headed hydra
 20798 | Lair:2   | Killed a five-headed hydra
 21450 | Lair:2   | Reached XP level 13. HP: 86/86 MP: 1/22
 24375 | Lair:4   | Found a staircase to the Shoals.
 24394 | Lair:4   | Identified Sif Muna's Catalogue of Dusty Contamination (Sif
                  | Muna gifted it to you on level 4 of the Lair of Beasts)
 24394 | Lair:4   | Received a gift from Sif Muna
 24448 | Lair:4   | Learned a level 3 spell: Ignite Poison
 25108 | Lair:5   | Reached skill level 1 in Transmutations
 26674 | Lair:5   | Reached skill level 1 in Shields
 27408 | Lair:5   | Gained mutation: Your tail ends in a poisonous barb. [Green
                  | Draconian growth]
 27408 | Lair:5   | Reached XP level 14. HP: 74/93 MP: 16/23
 27867 | Lair:6   | Entered Level 6 of the Lair of Beasts
 29169 | Lair:6   | Reached skill level 5 in Transmutations
 29219 | Lair:6   | Found a staircase to the Slime Pits.
 30124 | Lair:6   | Received a gift from Sif Muna
 31694 | Lair:6   | Reached skill level 5 in Shields
 32117 | Lair:6   | Reached skill level 1 in Invocations
 33470 | D:11     | Found a staircase to the Orcish Mines.
 34363 | D:12     | Identified Sif Muna's Foundations of Spellweaving (Sif Muna
                  | gifted it to you on level 12 of the Dungeon)
 34363 | D:12     | Received a gift from Sif Muna
 34806 | D:12     | Noticed a fire giant
 34830 | D:12     | Killed from afar by a fire giant

Levels and vault maps discovered:
D:1:      psy_arrival_conway, layout_loops_ring, serial_park_tiny_pond,
          minmay_hexomino_p4
D:2:      layout_basic, lemuel_crystal_altar, first_ration,
          kennysheep_cluttered_room, okawaru_gym_becter, uniq_terence
D:3:      wad_pebble_path, layout_loops_ring, kennysheep_generic_room_14
D:4:      cheibrodos_old_hovel, layout_basic, overflow_temple_1_default,
          gammafunk_temple_overflow_pools, temple_pool_b, st_stairs_1,
          uniq_edmund
D:5:      layout_cave_pools, marbit_many_paths, uniq_ijyb
D:6:      layout_layer_cave, uniq_grinder, uniq_menkaure, uniq_eustachio
D:7:      minmay_the_grid_octo_tiled_octocenter [minmay_the_grid_octo_clover,
          minmay_the_grid_octo_shrine, minmay_the_grid_octo_horde,
          minmay_the_grid_octo_empty, minmay_the_grid_octo_prize_big_c,
          minmay_the_grid_square_5x5_shrine1,
          minmay_the_grid_square_5x5_checkered_statues,
          minmay_the_grid_square_5x5_tri_point,
          minmay_the_grid_square_5x5_seven], layout_basic,
          grunt_qazlal_sundering, serial_shops, shop, nicolae_shop_trees,
          nicolae_shop_window_shopping
D:8:      layout_basic, chequers_temple_overflow_minitemple,
          nicolae_overflow_crystal_walls, grunt_ogre_cave, bh_walls_and_bars
D:9:      layout_roguey [special_room_orc]
D:10:     layout_cave_pods, david_lair_generic, basic_altar, uniq_fannar,
          uniq_erica, uniq_psyche
D:11:     layout_loops_cross, erik_orc_4
D:12:     minmay_outward_triangles, layout_rooms
Temple:   nicolae_temple_hex_pool
Lair:1:   layout_loops_ring, grunt_forest_large_clearings,
          infiniplex_staircase_pool, uniq_gastronok, uniq_grum
Lair:2:   dragon1_lemuel, layout_layer_cave, guppyfry_snake_entry_island,
          minmay_lair_oklob_bushes, lemuel_fruit_fields, uniq_sonja
Lair:3:   layout_roguey, grunt_megastairs_5, serial_bayou_shore_a,
          serial_bayou_shore_b, infiniplex_staircase_pool_2,
          serial_bayou_shore_b, minmay_lair_oklob_chamber
Lair:4:   layout_gridlike, elwin_shoals_entry_rooms,
          grunt_forest_small_clearing_treed
Lair:5:   layout_cave_pods, gammafunk_lair_bear_cave, serial_bayou_shore_b,
          grunt_megastairs_2
Lair:6:   due_jungle_book, layout_regular_city, minmay_slime_entry_eyes,
          serial_bayou_pond_a, chequers_serial_rivers_marsh,
          chequers_serial_rivers_large_b, roderic_batcave,
          kilobyte_rumbling_trees

Skill      XL: |  1  2  3  4  5  6  7  8  9 10 11 12 13 14 |
---------------+-------------------------------------------+-----
Dodging        | 2 3 4 5 6 8 9 11 12 | 12.3
Conjurations   | 2 3 4 5 7 8 9 11 12 | 12.3
Spellcasting   | 3 4 5 6 8 |  8.1
Poison Magic   | 4 5 6 7 9 |  9.1
Air Magic      | 2 4 |  4.2
Fire Magic     | 2 5 8 10 11 12 | 12.2
Transmutations | 3 7 |  7.0
Shields        | 2 6 |  6.4
Invocations    | 4 |  4.1
Stealth        | |  1.7

Action                   |  1- 3 |  4- 6 |  7- 9 | 10-12 | 13-15 || total
-------------------------+-------+-------+-------+-------+-------++-------
Melee: Unarmed           |    15 |       |       |       |       ||    15
       Dagger            |    53 |    72 |    41 |     6 |       ||   172
       Tailslap          |     1 |     7 |    19 |    57 |    78 ||   162
       Staff             |       |    21 |    54 |    19 |       ||    94
       Spear             |       |       |    86 |   535 |   153 ||   774
       Scimitar          |       |       |       |       |   329 ||   329
Throw: Dart              |       |       |       |       |     8 ||     8
 Cast: Sting             |    56 |    27 |    75 |    41 |       ||   199
       Poisonous Vapours |     3 |    14 |    16 |    48 |       ||    81
       Mephitic Cloud    |       |     2 |     6 |    39 |    39 ||    86
       Olgreb's Toxic Ra |       |       |     1 |    14 |    19 ||    34
       Sticky Flame      |       |       |     1 |    46 |    92 ||   139
       Fireball          |       |       |       |    20 |    55 ||    75
       Ignite Poison     |       |       |       |       |    46 ||    46
 Abil: Breathe Noxious F |       |       |     7 |    26 |    29 ||    62
Evoke: Wand              |       |     8 |    16 |    23 |    28 ||    75
  Use: Scroll            |     1 |     2 |     9 |    11 |     9 ||    32
       Potion            |       |     2 |     4 |     6 |     6 ||    18
 Stab: Sleeping          |       |     1 |     2 |     1 |     1 ||     5
       Confused          |       |       |     9 |    21 |    13 ||    43
       Distracted        |       |       |       |       |     1 ||     1
       Petrified         |       |       |       |       |     4 ||     4
  Eat: Chunk             |     6 |     8 |     7 |    34 |    31 ||    86
       Ration            |       |       |     6 |     6 |    13 ||    25
Armor: Skin              |    36 |    45 |    82 |   115 |   194 ||   472
Dodge: Dodged            |    75 |    76 |   124 |   441 |   622 ||  1338
       Deflected         |       |       |       |     2 |    17 ||    19
Block: Other             |       |       |    23 |    73 |    14 ||   110
       Reflection        |       |       |     2 |     1 |       ||     3
       Shield            |       |       |       |       |    20 ||    20
       Rpst.: Scimitar   |       |       |       |       |   111 ||   111
